 Dungeon Crawl Stone Soup version 0.29.1-2-gbd0b4ee654 (webtiles) character file.

Game seed: 10862831179327811587

93 LustLizard the Shooter (level 4, -8/23 HPs)
             Began as a Spriggan Hunter on Oct 26, 2022.
             Mangled by Grinder (9 damage)
             ... on level 3 of the Dungeon.
             The game lasted 00:02:57 (1802 turns).

LustLizard the Shooter (Spriggan Hunter)            Turns: 1802, Time: 00:02:58

Health: -8/23      AC:  2    Str:  7    XL:     4   Next: 36%
Magic:  6/6        EV: 17    Int: 12    God:
Gold:   178        SH:  0    Dex: 18    Spells: 3/5 levels left

rFire   . . .      SeeInvis +   a - +0 shortbow
rCold   . . .      Faith    .   (shield currently unavailable)
rNeg    . . .      Spirit   .   c - +0 robe
rPois   .          Reflect  .   (helmet restricted)
rElec   .          Harm     .   (no cloak)
rCorr   .          Rampage  .   (gloves unavailable)
Will    +....                   (boots unavailable)
Stlth   +++.......              (no amulet)
HPRegen 0.07/turn               e - ring of willpower
MPRegen 0.10/turn               (no ring)

@: very quick
A: very small, no large weapons, unfitting armour, see invisible, speed 3
a: no special abilities


You were on level 3 of the Dungeon.
You visited 1 branch of the dungeon, and saw 3 of its levels.

You collected 178 gold pieces.

Inventory:

Hand Weapons
 a - a +0 shortbow (weapon)
Armour
 c - a +0 robe (worn)
Jewellery
 e - a ring of willpower (left hand)
 i - a ring of flight
Wands
 o - a wand of roots (7)
Scrolls
 b - a scroll of immolation
 d - 2 scrolls of noise {unknown}
 j - a scroll of identify {unknown}
 k - a scroll of enchant weapon {unknown}
 l - a scroll of teleportation {unknown}
 m - a scroll of fear {unknown}
Potions
 f - a potion of curing {unknown}
 g - 2 potions of might {unknown}
 h - 2 potions of heal wounds {unknown}
 n - a potion of resistance {unknown}


   Skills:
 + Level 2.1 Fighting
 * Level 4.8 Ranged Weapons
 - Level 2.6 Dodging
 + Level 3.3 Stealth
 + Level 1.0 Spellcasting
 * Level 2.0 Translocations


You had 3 spell levels left.
You knew the following spells:

 Your Spells              Type           Power      Damage    Failure   Level
a - Blink                 Tloc           10%        N/A       21%         2

Your spell library contained the following spells:

 Spells                   Type           Power      Damage    Failure   Level
 Apportation              Tloc           10%        N/A       13%         1
 Necrotise                Necr           0%         1d4       30%         1
 Summon Small Mammal      Summ           0%         N/A       30%         1
 Ignite Poison            Fire/Tmut/Pois 0%         N/A       65%         3
 Mephitic Cloud           Conj/Pois/Air  0%         N/A       65%         3
 Manifold Assault         Tloc           5%         N/A       98%         5
 Freezing Cloud           Conj/Ice/Air   0%         6-21      100%        5
 Storm Form               Tmut/Air       0%         N/A       100%        7


Dungeon Overview and Level Annotations

Branches:
Dungeon (3/15)

Altars:

Shops:
D:1 (

Annotations:
D:3 Grinder


Innate Abilities, Weirdness & Mutations

You are very small and have problems with some larger weapons.
You are too small for most types of armour.
You have supernaturally acute eyesight. (SInv)
You cover ground extremely quickly. (Speed+++)


Message History

You shoot an arrow. The arrow hits Grinder.
Grinder is moderately wounded.
Grinder says, "Are you a fish?" Grinder gestures at you.
You suddenly lose the ability to move!
Grinder says, "I used to sell toenails on the black market."
You can move again.
Fire: a) +0 shortbow
Press: ? - help, Q - select action, (/) - cycle Shift-Dir - straight line, f/p - Grinder
Aim: Grinder (moderately wounded, 61% to hit)
You shoot an arrow. The arrow hits Grinder!
Grinder is heavily wounded.
Unknown command.
Fire: a) +0 shortbow
Press: ? - help, Q - select action, (/) - cycle Shift-Dir - straight line, f/p - Grinder
Aim: Grinder (heavily wounded, 61% to hit)
You shoot an arrow. The arrow hits Grinder.
Grinder is severely wounded.
Grinder hits you.
You writhe in agony.
Fire: a) +0 shortbow
Press: ? - help, Q - select action, (/) - cycle Shift-Dir - straight line, f/p - Grinder
Aim: Grinder (severely wounded, 61% to hit)
You shoot an arrow. The arrow barely misses Grinder.
Grinder closely misses you.
Unknown command.
Fire: a) +0 shortbow
Press: ? - help, Q - select action, (/) - cycle Shift-Dir - straight line, f/p - Grinder
Aim: Grinder (severely wounded, 61% to hit)
You shoot an arrow. The arrow barely misses Grinder.
Grinder gestures at you. Pain shoots through your body!
Ouch! That really hurt!
* * * LOW HITPOINT WARNING * * *
Fire: a) +0 shortbow
Press: ? - help, Q - select action, (/) - cycle Shift-Dir - straight line, f/p - Grinder
Aim: Grinder (severely wounded, 61% to hit)
You shoot an arrow. The arrow hits Grinder.
Grinder is severely wounded.
Grinder hits you!
You die...

####################
.ยง.............5@..#
.#################.# #.###
##.## ##..# ########.#.##
#.#.#####........###.#
..........#######.#..#
.#.######## ##.#.#
.......## ## #.#.#
.............#####.#.######


You could see Grinder.

Vanquished Creatures
  5 gnolls
  An adder (D:2)
  A worm (D:2)
  An orc (D:2)
  4 endoplasms
  3 goblins
  3 hobgoblins
  8 kobolds
  A quokka (D:1)
  A ball python (D:1)
  4 bats
  A frilled lizard (D:3)
  2 rats (D:1)
35 creatures vanquished.

Notes
Turn   | Place    | Note
-------+----------+-------------------------------------------
     0 | D:1      | LustLizard the Spriggan Hunter began the quest for the Orb.
     0 | D:1      | Reached XP level 1. HP: 10/10 MP: 2/2
    86 | D:1      | Reached XP level 2. HP: 15/15 MP: 3/3
   338 | D:1      | Found Dunlaaq's Weapon Boutique.
   778 | D:2      | Reached XP level 3. HP: 16/18 MP: 4/4
   781 | D:2      | Learned a level 2 spell: Blink
   995 | D:2      | Reached skill level 1 in Translocations
  1367 | D:2      | Reached XP level 4. HP: 23/23 MP: 4/6
  1718 | D:3      | Noticed Grinder
  1758 | D:3      | Reached skill level 1 in Spellcasting
  1783 | D:3      | Paralysed by Grinder for 2 turns
  1793 | D:3      | Paralysed by Grinder for 5 turns
  1801 | D:3      | HP: 1/23 [Grinder/nerve-wracking pain (13)]
  1802 | D:3      | Mangled by Grinder

Illustrated notes

Levels and vault maps discovered:
D:1:      ncdulo_watergridlock, layout_loops_cross, serial_shops,
          nicolae_shop_hallway_stairs, minmay_tall_x
D:2:      layout_basic, amethyst_killhole, minmay_goblin_kobold_house
D:3:      layout_loops_ring, mainiacjoe_overflow_alcove_1,
          hellmonk_ecumenical_altar_watching_god, kennysheep_generic_room_11,
          uniq_grinder

Skill      XL: |  1  2  3  4 |
---------------+-------------+-----
Stealth        | 2 3 |  3.3
Fighting       | 2 |  2.1
Translocations | 1 2 |  2.0
Spellcasting   | 1 |  1.0
Ranged Weapons | |  4.8
Dodging        | |  2.6

Action                   |  1- 3 |  4- 6 || total
-------------------------+-------+-------++-------
 Fire: Shortbow          |    76 |    21 ||    97
Armor: Robe              |     1 |       ||     1
Dodge: Dodged            |     6 |     1 ||     7
